cohdb
Replays
Latest Replays
All Replays
Popular Replays
Top Player Replays
Match Explorer
How It Works
Community
CoH3 Stats
Reddit
Sign in to upload your games and track your stats! →
Sign in with Steam
Match 42976267
Unlisted
Match 42976267
Overview
Messages
Build Orders
End
Panzergrenadier Squad
Selects Panzerjäger Kommand Battlegroup
250 Light Carrier
Panzergrenadier Squad
Construct Light Support Kompanie
Combat Half-tracks
2.5-tonne Medical Truck
MG34 Team
Fire Support Elements
Panzerjäger Mechanized Group
Pak 38 Anti-tank Gun Team
Selects Tank Busters
Selects Crew Shock Tactics
MG34 Team
Construct Panzerarmee Kommand
Assault Mechanized Group
Armored Reserves
Selects Anti-tank Overwatch
Tiger Heavy Tank
Daddy
teyin
loner
Comaura
fmas3
Cylar
JVM
entelbar
0
0
Comments
sign in to comment!
No comments posted yet!